 Dungeon Crawl Stone Soup version 0.27-a0-216-g1fbed8a51c (webtiles) character file.

Game seed: 5993581457849764800

26 vurker the Sneak (level 3, 0/25 HPs)
             Began as a Gnoll Enchanter on Jan 31, 2021.
             Slain by a gnoll
             ... wielding a +0 whip
              (10 damage)
             ... on level 2 of the Dungeon.
             The game lasted 00:01:06 (1366 turns).

vurker the Sneak (Gnoll Enchanter)                  Turns: 1366, Time: 00:01:07

Health: 0/25       AC:  2    Str:  7    XL:     3   Next: 8%
Magic:  9/9        EV: 14    Int: 15    God:
Gold:   31         SH:  0    Dex: 12    Spells: 11/12 levels left

rFire    . . .     SeeInvis .   a - +1 dagger
rCold    . . .     Faith    .   (no shield)
rNeg     . . .     Spirit   .   b - +0 robe
rPois    .         Reflect  .   (no helmet)
rElec    .         Harm     .   (no cloak)
rCorr    .         Rampage  .   (no gloves)
Will     .....                  (no boots)
Stlth    +++.......             (no amulet)
HPRegen  0.08/turn              (no ring)
MPRegen  0.11/turn              (no ring)

@: no status effects
A: distributed training, fangs 1, strong nose
a: no special abilities


You were on level 2 of the Dungeon.
You visited 1 branch of the dungeon, and saw 2 of its levels.

You collected 31 gold pieces.

Inventory:

Hand Weapons
 a - a +1 dagger (weapon)
Armour
 b - a +0 robe (worn)
Scrolls
 d - a scroll of noise {unknown}
 e - a scroll of teleportation {unknown}
 f - a scroll of remove curse {unknown}
Potions
 c - a potion of curing {unknown}


   Skills:
 + Level 0.6 Fighting
 + Level 2.5 Short Blades
 + Level 0.6 Long Blades
 + Level 0.6 Axes
 + Level 0.6 Maces & Flails
 + Level 0.6 Polearms
 + Level 0.6 Staves
 + Level 0.6 Slings
 + Level 0.6 Bows
 + Level 0.6 Crossbows
 + Level 0.6 Throwing
 + Level 0.6 Armour
 + Level 4.5 Dodging
 + Level 5.9 Stealth
 + Level 0.6 Shields
 + Level 0.6 Unarmed Combat
 + Level 5.0 Spellcasting
 + Level 0.4 Conjurations
 + Level 5.4 Hexes
 + Level 0.4 Summonings
 + Level 0.4 Necromancy
 + Level 0.4 Translocations
 + Level 0.4 Transmutations
 + Level 0.4 Fire Magic
 + Level 0.4 Ice Magic
 + Level 0.4 Air Magic
 + Level 0.4 Earth Magic
 + Level 0.4 Poison Magic
 + Level 0.8 Invocations
 + Level 0.6 Evocations


You had 11 spell levels left.
You knew the following spells:

 Your Spells              Type           Power        Failure   Level
a - Corona                Hex            21%          1%          1

Your spell library contained the following spells:

 Spells                   Type           Power        Failure   Level
 Confusing Touch          Hex            19%          5%          3
 Tukima's Dance           Hex            19%          5%          3
 Ensorcelled Hibernation  Hex/Ice        24%          8%          2
 Dazzling Flash           Conj/Hex       24%          14%         3


Dungeon Overview and Level Annotations

Branches:
Dungeon (2/15)

Altars:


Innate Abilities, Weirdness & Mutations

Your experience applies equally to all skills.
You have very sharp teeth.
Your uncanny sense of smell can sniff out nearby items.


Message History

Found a stone staircase leading down.
There is a stone staircase leading up here.
A rat comes into view.
A rat is nearby!
The helpless rat fails to defend itself.
You impale the rat!!
You kill the rat!
No target in view!
No target in view!
Found a stone staircase leading up.
Found a stone staircase leading down.
There is a stone staircase leading up here.
A kobold comes into view. It is wielding a +0 whip.
A kobold is nearby!
A kobold is nearby!
A ball python comes into view.
Found 26 stones.
The ball python hisses angrily.
The kobold shouts!
You barely miss the ball python. The ball python completely misses you.
The ball python grabs you. The ball python constricts you.
The kobold misses you. The ball python bites you.
The ball python constricts you.
You hit the ball python. The kobold barely misses you.
The ball python barely misses you. The ball python constricts you.
You escape the ball python's grasp.
The kobold throws a stone.
The stone barely misses you. The ball python barely misses you. x2
You hit the ball python.
You kill the ball python!
Your Spellcasting skill increases to level 5!
You hit the kobold.
You kill the kobold!
Items here: ( ) ††.
You see here 26 stones.
A gnoll comes into view. It is wielding a +0 whip.
A gnoll comes into view. It is wielding a +0 club.
There is a stone staircase leading down here.
There is a stone staircase leading up here.
You hit the gnoll but do no damage. The gnoll misses you.
You barely miss the gnoll. The gnoll hits you but does no damage.
You hit the gnoll but do no damage. The gnoll hits you with a +0 whip.
You hit the gnoll. The gnoll closely misses you.
The gnoll shouts!
You hit the gnoll. Your bite misses the gnoll. You hit the gnoll.
The gnoll closely misses you.
You closely miss the gnoll. The gnoll hits you with a +0 whip!
You hit the gnoll. The gnoll hits you with a +0 whip.
* * * LOW HITPOINT WARNING * * *
The gnoll hits you with a +0 whip!
You die...

#.# #.... ∆ #.# #.#.#
#.# #.#.# # #########.#
#.#.#
....####....)..#.###.#.#
#.......###.#..##.#.#
#.......# #.#.......#
#g.g....# #....##.#####
#......(#####@###.##..
..# #........# #g#
#.##.# #.# #....^.g.#
#g# #.##.# #.#
#........# #.# #.#..#
#.. #........# #.#
#....# #.# ###
#........####.# ####.#
#.# .. #........g..>.#
#.###.##.#
###############
#.#>.<.#.## #.#.###....


You could see 2 gnolls.

Vanquished Creatures
  2 oozes (D:1)
  2 ball pythons
  2 goblins (D:1)
  A hobgoblin (D:1)
  3 jackals (D:1)
  2 kobolds
  2 bats (D:1)
  2 frilled lizards (D:1)
  A rat (D:2)
17 creatures vanquished.

Notes
Turn   | Place    | Note
-------+----------+-------------------------------------------
     0 | D:1      | vurker the Gnoll Enchanter began the quest for the Orb.
     0 | D:1      | Reached XP level 1. HP: 13/13 MP: 6/6
    17 | D:1      | Reached XP level 2. HP: 14/20 MP: 7/7
  1078 | D:1      | Reached XP level 3. HP: 21/25 MP: 9/9
  1319 | D:2      | Reached skill level 5 in Spellcasting
  1366 | D:2      | Slain by a gnoll

Illustrated notes

Levels and vault maps discovered:
D:1:      grunt_arrival_lava_bath, layout_basic, hex_medium
D:2:      layout_basic, grunt_decor_arrowhead

Skill      XL: |  1  2  3 |
---------------+----------+-----
Spellcasting   | 5 |  5.0
Fighting       | |  0.6
Short Blades   | |  2.5
Long Blades    | |  0.6
Axes           | |  0.6
Maces & Flails | |  0.6
Polearms       | |  0.6
Staves         | |  0.6
Slings         | |  0.6
Bows           | |  0.6
Crossbows      | |  0.6
Throwing       | |  0.6
Armour         | |  0.6
Dodging        | |  4.5
Stealth        | |  5.9
Shields        | |  0.6
Unarmed Combat | |  0.6
Conjurations   | |  0.4
Hexes          | |  5.4
Summonings     | |  0.4
Necromancy     | |  0.4
Translocations | |  0.4
Transmutations | |  0.4
Fire Magic     | |  0.4
Ice Magic      | |  0.4
Air Magic      | |  0.4
Earth Magic    | |  0.4
Poison Magic   | |  0.4
Invocations    | |  0.8
Evocations     | |  0.6

Action                   || total
-------------------------++-------
Melee: Dagger            ||    81
       Bite              ||     3
 Stab: Sleeping          ||     3
Armor: Robe              ||    14
Dodge: Dodged            ||    70

Table legend: (Time is in decaauts)
 A = Elapsed time spent in this place.
 B = Non-inter-level travel time spent in this place.
 C = Inter-level travel time spent in this place.
 D = Time resting spent in this place.
 E = Time spent auto-exploring this place.
 F = Levels seen in this place.
 G = Mean time per level.
                   A        B        C        D        E       F      G
               +--------+--------+--------+--------+--------+-----+--------+
         Total |   1356 |   1352 |      4 |      0 |   1165 |   2 |  678.0 |
       Dungeon |   1356 |   1352 |      4 |      0 |   1165 |   2 |  678.0 |
               +--------+--------+--------+--------+--------+-----+--------+

Top non-repeatable levels by time:
     D:1: 1262 daAuts
     D:2: 93 daAuts
